 Dungeon Crawl Stone Soup version 0.31-a0-536-ga3e2962e35 (webtiles) character file.

Game seed: 18238609902733613811

4711 Ethylacetat the Covert (level 10, -7/70 HPs)
             Began as an Octopode Gladiator on Aug 13, 2023.
             Was an Initiate of Gozag.
             Mangled by a cyclops (24 damage)
             ... on level 8 of the Dungeon.
             The game lasted 00:16:35 (9016 turns).

Ethylacetat the Covert (Octopode Gladiator)         Turns: 9016, Time: 00:16:36

Health: -7/70      AC: 13    Str: 17    XL:     10   Next: 45%
Magic:  19/19      EV: 14    Int: 13    God:    Gozag
Gold:   626        SH:  0    Dex: 21    Spells: 9/9 levels left

rFire   + . .        a - melded +0 long sword
rCold   + . .        (shield currently unavailable)
rNeg    . . .        b - melded +0 hat
rPois   +            (no amulet)
rElec   +            t - +4 ring of protection
rCorr   +            w - ring of magical power
SInv    .            (no ring)
Will    .....        (no ring)
Stlth   ++++         (no ring)
HPRegen 0.31/turn    (no ring)
MPRegen 0.16/turn    (no ring)
                     (no ring)

%: no passive effects
@: snake-form, resistant
A: constrict, almost no armour, amphibious, 8 rings, large, (camouflage 1),
(gelatinous body 1), (nimble swimmer 1), (tentacles), agile 1, clever 1
a: Begin Untransformation, Renounce Religion, Potion Petition, Call Merchant,
Bribe Branch


You were on level 8 of the Dungeon.
You worshipped Gozag.
Gozag was pleased with you.
You were an enormous anaconda.
You visited 2 branches of the dungeon, and saw 9 of its levels.
You also visited: Bailey.

You collected 780 gold pieces.
You paid 154 gold pieces to Gozag.

Inventory:

Hand Weapons
 a - a +0 long sword (melded)
Missiles
 c - 3 throwing nets (quivered)
 d - a javelin
 v - 5 silver javelins
Armour
 b - a +0 hat (melded)
Jewellery
 t - a +4 ring of protection (left tentacle)
 w - a ring of magical power (right tentacle)
Talismans
 h - a serpent talisman (active)
Scrolls
 e - 2 scrolls of blinking {unknown}
 g - 3 scrolls of revelation
 l - a scroll of poison {unknown}
 m - a scroll of enchant armour {unknown}
 n - 3 scrolls of identify
 q - a scroll of teleportation
 r - a scroll of fog {unknown}
 s - a scroll of amnesia {unknown}
 u - 3 scrolls of noise {unknown}
 y - a scroll of butterflies {unknown}
Potions
 f - a potion of ambrosia
 i - 2 potions of haste
 j - 3 potions of might
 k - 3 potions of cancellation
 o - a potion of heal wounds
 x - a potion of mutation
 A - a potion of lignification
 B - a potion of resistance
 C - 2 potions of brilliance {unknown}
 D - 2 potions of magic {unknown}
 E - a potion of experience {unknown}
 F - a potion of invisibility {unknown}


   Skills:
 + Level 6.8 Fighting
 - Level 3.3 Long Blades
 - Level 2.0 Throwing
 + Level 7.2 Dodging
 + Level 9.1 Stealth
 + Level 3.8 Unarmed Combat
 * Level 7.4 Shapeshifting


You had 9 spell levels left.
You didn't know any spells.
Your spell library contained the following spells:

 Spells                   Type           Power      Damage    Failure   Level
 Lesser Beckoning         Tloc           0%         N/A       43%         2
 Gell's Gravitas          Tloc           0%         N/A       67%         3
 Teleport Other           Tloc           0%         N/A       67%         3


Dungeon Overview and Level Annotations

Branches:
Dungeon (8/15)             Temple (1/1) D:4          Bailey (visited)
   Lair: D:8-11

Altars:
Ashenzari
Cheibriados
Dithmenos
Elyvilon
Fedhas
Gozag
Hepliaklqana
Kikubaaqudgha
Makhleb
Nemelex Xobeh
Okawaru
Qazlal
Ru
Sif Muna
Trog
Uskayaw
Vehumet
Wu Jian
Xom
Yredelemnul
Zin
The Shining One

Shops:
D:3 :   D:5 :


Innate Abilities, Weirdness & Mutations

You are an enormous anaconda.
You have a powerful constriction melee attack.
Your armour is entirely melded.
You are incapable of wielding weapons or throwing items.
You cannot wear most types of armour.
You are amphibious.
You can wear up to eight rings at the same time.
((Your skin changes colour to match your surroundings (Stealth+).))
((Your rubbery body absorbs attacks. (AC +1, EV +1)))
((You are camouflaged when in or above water. (Stealth+)))
((You have tentacles for arms and can constrict up to eight enemies at once.))
You are agile. (Dex +4, Str/Int -1)
Your mind is acute. (Int +4, Str/Dex -1)


Message History

You constrict the wight, but do no damage.
The wight misses you.
You lash the wight!
The wight is almost destroyed.
You constrict the wight.
You destroy the wight!
No target in view!
No target in view!
You now have 617 gold pieces (gained 10).
Items here: )) [[.
You now have 626 gold pieces (gained 9).
Things that are here:
a +0 hand axe; a +0 robe
Found a stone staircase leading up.
You see here a +0 flail.
There is a large open door here.
There is a large open door here.
A cyclops comes into view.
It was a potion of resistance.
You feel protected. The cyclops hits you!!
You hit the cyclops.
The cyclops is lightly wounded.
The cyclops hits you!
You lash the cyclops!
The cyclops is moderately wounded.
You hit the cyclops.
The cyclops is heavily wounded.
The cyclops closely misses you.
You lash the cyclops!
The cyclops is severely wounded.
The cyclops hits you!!
* * * LOW HITPOINT WARNING * * *
You lash the cyclops!
The cyclops is almost dead.
You completely miss the cyclops.
The cyclops is almost dead.
The cyclops hits you!!
You die...
Your body crumbles into a pile of gold.

##.####''######## #..# #..# ###
#.## #..# ..#######.# #..#
..........# #..# ..........# #..#
# ..........# #..# .# ..........#
#..#..# ..........## #.S'..#
.......)...####.C'......
#####..##.....##################
######.####.........###.#......##
.................#..##......##...
.....#.######.......#.........O..
.###...###...............########
.# ##..##.............#..# .#
##..................O#


You could see a cyclops.

Vanquished Creatures
  A two-headed ogre (D:8)
  An orc knight (Bailey)
  Joseph (D:7)
  4 yaks (D:8)
  A wyvern (D:8)
  Eustachio (D:6)
  Edmund (D:5)
  2 water moccasins
  3 orc warriors
  A black bear (D:4)
  A sky beast (D:6)
  3 centaurs
  A phantom (D:5)
  A kobold brigand (D:7)
  2 bullfrogs (D:7)
  2 gnoll sergeants (D:7)
  2 scorpions
  3 wights (D:8)
  A howler monkey (D:4)
  2 orc priests
  A hound (D:4)
  3 jellies
  2 iguanas
  10 orc wizards
  2 adders
  20 gnolls
  A white imp (D:6)
  An ufetubus (D:6)
  2 worms
  A dart slug (D:1)
  34 orcs
  8 ball pythons
  4 bats (D:1)
  5 endoplasms
  A giant cockroach (D:1)
  6 goblins
  8 hobgoblins
  7 jackals (D:1)
  4 quokkas
  3 frilled lizards
  7 kobolds
  A rat (D:2)
165 creatures vanquished.

Notes
Turn   | Place    | Note
-------+----------+-------------------------------------------
     0 | D:1      | Ethylacetat the Octopode Gladiator began the quest for the
                  | Orb.
     0 | D:1      | Reached XP level 1. HP: 14/14 MP: 1/1
   312 | D:1      | Reached skill level 1 in Stealth
   312 | D:1      | Reached XP level 2. HP: 15/19 MP: 2/2
   371 | D:1      | Found a faded altar of an unknown god.
   531 | D:1      | Reached XP level 3. HP: 22/25 MP: 3/3
  1193 | D:2      | Reached skill level 2 in Stealth
  1234 | D:2      | Reached XP level 4. HP: 9/30 MP: 4/4
  1363 | D:2      | Reached skill level 1 in Shapeshifting
  1914 | D:3      | Found Seonuum's Vocational Training.
  2490 | D:4      | Noticed a black bear
  2502 | D:3      | Reached XP level 5. HP: 14/36 MP: 5/5
  2650 | D:4      | Found a staircase to the Ecumenical Temple.
  2682 | Temple   | Entered the Ecumenical Temple
  2820 | D:4      | Killed a black bear
  2821 | D:4      | Reached skill level 3 in Stealth
  2999 | D:4      | Reached XP level 6. HP: 42/42 MP: 6/6
  3346 | D:5      | Entered Level 5 of the Dungeon
  3374 | D:5      | Reached skill level 4 in Stealth
  3534 | D:5      | Noticed Edmund
  3557 | D:5      | Killed Edmund
  3558 | D:5      | Reached XP level 7. HP: 17/47 MP: 7/7
  3737 | D:5      | Found Pojiuphu's Self-Improvement Boutique.
  3860 | D:5      | HP: 1/48 [something/puff of flame (6)]
  3867 | D:5      | Reached skill level 5 in Stealth
  4172 | D:5      | Reached XP level 8. HP: 54/54 MP: 8/8
  4179 | D:5      | Reached skill level 5 in Dodging
  5103 | D:6      | Reached skill level 6 in Stealth
  5259 | D:6      | Noticed Eustachio
  5268 | D:6      | Killed Eustachio
  5472 | D:6      | Reached skill level 5 in Fighting
  5472 | D:6      | Reached skill level 5 in Shapeshifting
  6602 | D:7      | Reached skill level 7 in Stealth
  6602 | D:7      | Reached XP level 9. HP: 6/61 MP: 9/9
  6652 | D:7      | Noticed Joseph
  6661 | D:7      | Killed Joseph
  6662 | D:7      | Reached skill level 1 in Unarmed Combat
  6672 | D:7      | Found a flagged portal.
  6684 | Bailey   | Entered a bailey
  7043 | Bailey   | Noticed an orc knight
  7084 | Bailey   | HP: 1/48 [orc knight/+0 halberd (14)]
  7435 | Bailey   | Killed an orc knight
  7503 | D:7      | Found a white marble altar of Elyvilon.
  7506 | D:7      | Found a radiant altar of Vehumet.
  7506 | D:7      | Found a broken altar of Ashenzari.
  7506 | D:7      | Found an opulent altar of Gozag.
  7646 | D:7      | Became a worshipper of Gozag Ym Sagoz the Greedy
  7677 | D:7      | Reached skill level 8 in Stealth
  8348 | D:8      | Noticed a two-headed ogre
  8373 | D:8      | Gained mutation: Your mind is acute. (Int +4, Str/Dex -1)
                  | [potion of mutation]
  8373 | D:8      | Gained mutation: You are agile. (Dex +4, Str/Int -1)
                  | [potion of mutation]
  8381 | D:8      | Killed a two-headed ogre
  8382 | D:8      | Reached XP level 10. HP: 33/69 MP: 10/10
  8627 | D:8      | Reached skill level 9 in Stealth
  9003 | D:8      | Noticed a cyclops
  9016 | D:8      | Mangled by a cyclops

Illustrated notes

Levels and vault maps discovered:
D:1:      dpeg_arrival_lava_temple_mockup, layout_loops_cross,
          basic_ecumenical_altar
D:2:      layout_basic
D:3:      layout_basic, nicolae_shop_vocational
D:4:      minmay_general_purpose_star, layout_rooms,
          minmay_temple_entry_glassed_door, minivault_1, columned_hall_lemuel
D:5:      kennysheep_big_flooded_room, layout_layer_cave,
          nicolae_shop_self_help, uniq_edmund
D:6:      layout_layer_cave, uniq_eustachio
D:7:      layout_loops_cross, grunt_temple_overflow_open, enter_bailey_2,
          uniq_joseph
D:8:      minmay_the_grid_square_5x5_3x3
          [minmay_the_grid_square_5x5_three_walls,
          minmay_the_grid_square_5x5_tie, minmay_the_grid_square_5x5_v,
          minmay_the_grid_square_5x5_minivault,
          minmay_the_grid_square_5x5_megaprize_open,
          minmay_the_grid_square_5x5_one_wall,
          minmay_the_grid_square_5x5_shrine2,
          minmay_the_grid_square_5x5_hourglass, minmay_the_grid_square_5x5_n],
          layout_rooms, nicolae_concentric_dashed_squares_mild,
          chequers_arboretum, hellmonk_guarded_unrand_dark_maul
Temple:   hc_temple_tempest_star

Skill      XL: |  1  2  3  4  5  6  7  8  9 10 |
---------------+-------------------------------+-----
Stealth        | 1 2 3 4 5 7 8 9 |  9.1
Shapeshifting  | 1 2 3 4 5 7 |  7.4
Fighting       | 3 4 5 6 |  6.8
Dodging        | 4 5 6 7 |  7.2
Unarmed Combat | 3 |  3.8
Long Blades    | |  3.3
Throwing       | |  2.0

Action                     |  1- 3 |  4- 6 |  7- 9 | 10-12 || total
---------------------------+-------+-------+-------+-------++-------
  Melee: Long sword        |    60 |    90 |    97 |       ||   247
         Tentacles         |    15 |    21 |    18 |       ||    54
         Constrict         |    19 |    24 |    60 |    10 ||   113
         Punch             |       |     4 |     2 |       ||     6
         Unarmed           |       |       |   197 |    48 ||   245
  Throw: Throwing net      |       |       |     1 |       ||     1
  Evoke: Wand              |       |       |     2 |       ||     2
    Use: Potion            |       |       |    15 |     1 ||    16
         Scroll            |       |       |     2 |       ||     2
   Stab: Sleeping          |     9 |    14 |    18 |     1 ||    42
         Distracted        |       |       |     3 |       ||     3
 Armour: Skin              |     1 |     2 |    94 |     9 ||   106
  Dodge: Dodged            |    47 |    58 |   229 |    19 ||   353
   Form: Anaconda          |       |       |     1 |       ||     1

Table legend: (Time is in decaauts)
 A = Elapsed time spent in this place.
 B = Non-inter-level travel time spent in this place.
 C = Inter-level travel time spent in this place.
 D = Time resting spent in this place.
 E = Time spent auto-exploring this place.
 F = Levels seen in this place.
 G = Mean time per level.
                   A        B        C        D        E       F      G
               +--------+--------+--------+--------+--------+-----+--------+
         Total |   9021 |   8733 |    288 |    617 |   6699 |  10 |  902.1 |
       Dungeon |   8267 |   7979 |    288 |    225 |   6520 |   8 | 1033.4 |
        Temple |      1 |      1 |      0 |      0 |      0 |   1 |    1.0 |
        Bailey |    752 |    752 |      0 |    392 |    178 |   1 |  752.0 |
               +--------+--------+--------+--------+--------+-----+--------+

Top non-repeatable levels by time:
     D:5: 1726 daAuts
     D:6: 1421 daAuts
     D:2: 1044 daAuts
     D:7: 1008 daAuts
     D:1: 884 daAuts
     D:4: 846 daAuts
  Bailey: 752 daAuts
     D:8: 737 daAuts
     D:3: 599 daAuts
  Temple: 1 daAuts
